 Dungeon Crawl Stone Soup version 0.21.0-3-g78d12a8 (webtiles) character file.

541 tamerofbeasts the Chopper (level 7, -1/58 HPs)
             Began as a Centaur Fighter on Jan 8, 2018.
             Slain by an ogre
             ... wielding a +0 giant spiked club
              (15 damage)
             ... on level 4 of the Dungeon on Jan 10, 2018.
             The game lasted 00:10:27 (3323 turns).

tamerofbeasts the Chopper (Centaur Fighter)         Turns: 3323, Time: 00:10:29

Health: -1/58      AC:  7    Str: 19    XL:     7   Next: 5%
Magic:  7/7        EV:  6    Int:  7    God:
Gold:   252        SH:  9    Dex: 10    Spells: 6/6 levels left

rFire    . . .     SeeInvis .   a - +0 war axe
rCold    . . .     Gourm    .   c - +0 shield
rNeg     . . .     Faith    .   b - +0 scale mail
rPois    .         Spirit   .   (no helmet)
rElec    .         Reflect  .   (no cloak)
rCorr    .         Harm     .   (no gloves)
MR       .....                  (no barding)
Stlth    ..........             (no amulet)
HPRegen  0.19/turn              (no ring)
MPRegen  0.10/turn              (no ring)

@: very quick
A: large, hooves 3, deformed body, speed 2, tough skin 3
a: no special abilities


You were on level 4 of the Dungeon.
You were not hungry.

You visited 1 branch of the dungeon, and saw 4 of its levels.

You collected 252 gold pieces.

Inventory:

Hand Weapons
 a - a +0 war axe (weapon)
 f - a +0 scythe
 s - a +0 halberd of flaming
Armour
 b - a +0 scale mail (worn)
 c - a +0 shield (worn)
Scrolls
 e - 4 scrolls of remove curse {unknown}
 g - a scroll of noise {unknown}
 h - 2 scrolls of identify {unknown}
 i - a scroll of enchant weapon {unknown}
 k - 2 scrolls of immolation {unknown}
 l - a scroll of enchant armour {unknown}
 m - a scroll of magic mapping {unknown}
 p - 2 scrolls of teleportation {unknown}
Potions
 d - 2 potions of might
 j - 2 potions of haste {unknown}
 n - 2 potions of lignification {unknown}
 o - a potion of mutation {unknown}
 q - a potion of ambrosia {unknown}
 r - a potion of heal wounds {unknown}
 u - a potion of magic {unknown}
Comestibles
 t - 3 rations


   Skills:
 + Level 3.8 Fighting
 + Level 4.4 Axes
 + Level 3.7 Armour
 + Level 1.1 Dodging
 + Level 3.1 Shields


You had 6 spell levels left.
You didn't know any spells.

Dungeon Overview and Level Annotations

Branches:
Dungeon (4/15)
 Temple: D:4-7

Altars:
Nemelex Xobeh
Okawaru
Trog
Vehumet
Wu Jian


Innate Abilities, Weirdness & Mutations

You have hooves in place of feet.
Armour fits poorly on your strangely shaped body.
You cover ground very quickly.
You have extremely tough skin. (AC +3)


Message History

A howler monkey comes into view.
You see here an adder corpse.
An ogre comes into view. It is wielding a giant spiked club.
The ogre shouts!
The howler monkey howls!
Found a ring mail and a scroll labeled COURCH RIAFOUN.
You barely miss the hound. The hound barely misses you. x2
You barely miss the hound. Your kick misses the hound.
The hound barely misses you. The hound bites you.
You closely miss the hound. Your kick misses the hound. The hound bites you. x2
You miss the hound. Your kick misses the hound. You hit the howler monkey.
You block the hound's attack. You block the howler monkey's attack.
The hound bites you. The howler monkey hits you.
You hit the hound but do no damage. You kick the hound!
The hound is almost dead.
You hit the howler monkey. You hit the ogre but do no damage.
You block the hound's attack. The howler monkey hits you.
* * * LOW HITPOINT WARNING * * *
You block the hound's attack.
The ogre hits you with a giant spiked club!
You die...

###### .#.....##
........####
.........#.##
?........#..#
......h..#..####.#
......h@†........####
......O..#..###......
#....
[.=.........###.#...
#....
........##..........
#...#
.#.>...###.#.#..####
#...# ######
#..#....# #....
#.##....# #...#
#.##.#.## #...#
#.##.#.#


You could see an ogre, a howler monkey and a hound.

Vanquished Creatures
  Sigmund (D:3)
  The ghost of iamoutofideas the Shield-Bearer, an amateur FoFi (D:3)
  Jessica (D:3)
  A worker ant (D:4)
  4 gnolls (D:4)
  10 adders
  An adder skeleton (D:4)
  3 worms
  3 leopard geckos
  11 bats
  A giant cockroach (D:2)
  3 hobgoblins (D:3)
  8 jackals (D:2)
  7 kobolds
  A quokka (D:2)
  3 frilled lizards
  6 goblins
  3 rats (D:2)
68 creatures vanquished.

Notes
Turn   | Place    | Note
-------+----------+-------------------------------------------
     0 | D:1      | tamerofbeasts the Centaur Fighter began the quest for the Orb.
     0 | D:1      | Reached XP level 1. HP: 19/19 MP: 1/1
   343 | D:1      | Reached XP level 2. HP: 26/26 MP: 2/2
   936 | D:2      | Reached skill level 2 in Axes
   985 | D:2      | Reached XP level 3. HP: 22/31 MP: 3/3
  1484 | D:2      | Reached XP level 4. HP: 38/38 MP: 4/4
  2019 | D:3      | Found a radiant altar of Vehumet.
  2021 | D:3      | Noticed Sigmund
  2035 | D:3      | Killed Sigmund
  2035 | D:3      | Reached skill level 3 in Axes
  2035 | D:3      | Reached XP level 5. HP: 4/46 MP: 5/5
  2356 | D:3      | Reached skill level 1 in Dodging
  2356 | D:3      | Reached XP level 6. HP: 48/52 MP: 6/6
  2361 | D:3      | Found a sparkling altar of Nemelex Xobeh.
  2361 | D:3      | Found an ornate altar of the Wu Jian Council.
  2374 | D:3      | Noticed iamoutofideas's ghost (amateur FoFi)
  2385 | D:3      | Killed iamoutofideas's ghost
  2555 | D:3      | Found an iron altar of Okawaru.
  2556 | D:3      | Found a bloodstained altar of Trog.
  2898 | D:3      | Noticed Jessica
  2912 | D:3      | Killed Jessica
  2912 | D:3      | Reached skill level 4 in Axes
  3269 | D:4      | Reached XP level 7. HP: 36/58 MP: 7/7
  3323 | D:4      | Slain by an ogre

Skill      XL: |  1  2  3  4  5  6 |
---------------+-------------------+-----
Axes           | 2 3 4 |  4.4
Armour         | 3 |  3.7
Dodging        | 1 |  1.1
Shields        | 3 |  3.1
Fighting       | |  3.8

Action                   |  1- 3 |  4- 6 |  7- 9 || total
-------------------------+-------+-------+-------++-------
Melee: War axe           |    87 |    98 |     9 ||   194
       Kick              |    12 |    23 |     1 ||    36
  Eat: Ration            |     1 |     1 |       ||     2
Armor: Scale mail        |    76 |    47 |     1 ||   124
Dodge: Dodged            |    21 |    21 |     3 ||    45
Block: Shield            |    60 |    55 |     5 ||   120
